Map: Lightshade LE

Players

BlyOnFire (Bly)

  • Race: Zerg Zerg
  • Spawn Location: 11:00

Reynor - Winner!

  • Race: Zerg Zerg
  • League: Master
  • Spawn Location: 5:00

Event: DreamHack SC2 Masters 2020 Winter

VOD

Have the link to the VOD?

Description

Time

  • Played on: Oct. 30, 2020, 1:18 p.m.
  • Length: 4:44

All games in this series

Show
View Real Time Build Order
Export as new Build Order

BlyOnFire Zerg 

Build Orders: Hatch First 

Get SALT Encoding   

  12  0:00  Drone  
  13  0:13  Overlord  
  13  0:17  Drone  
  14  0:31  Drone x2  
  16  0:50  Hatchery  
  16  0:51  Drone  
  16  0:57  Drone  
  17  1:00  Drone  
  18  1:12  Extractor  
  18  1:13  Spawning Pool  
  18  1:17  Drone  
  17  1:20  Drone  
  18  1:28  Drone  
  19  1:39  Drone  
  20  1:51  Overlord  
  20  1:59  Queen  
  22  2:02  Queen  
  22  2:03  Zergling x2  
  25  2:14  Drone  
  26  2:18  Metabolic Boost  
  26  2:20  Drone x2  
  28  2:26  Zergling x2  
  28  2:27  Zergling x2  
  30  2:33  Zergling x2  
  31  2:40  Hatchery  
  30  2:48  Overlord  
  30  2:49  Drone  
  31  2:57  Overlord  
  31  2:58  Drone x2  
  33  3:11  Drone x4  
  37  3:20  Drone  
  37  3:25  Roach Warren  
  37  3:26  Overlord  
  37  3:37  Zergling x8  
  41  3:46  Zergling x12  
  47  4:02  Zergling x8  
  44  4:03  Queen  
  44  4:08  Zergling x4  
  31  4:19  Roach x3  
Show
View Real Time Build Order
Export as new Build Order

Reynor Zerg - Winner!

Build Orders: Pool First 

Get SALT Encoding   

  12  0:00  Drone  
  13  0:12  Overlord  
  13  0:16  Drone  
  14  0:30  Drone x2  
  16  0:40  Spawning Pool  
  15  0:44  Drone  
  15  0:47  Drone  
  17  1:08  Hatchery  
  17  1:10  Drone  
  17  1:22  Extractor  
  16  1:26  Zergling x4  
  16  1:28  Zergling x2  
  16  1:31  Queen  
  21  1:38  Overlord  
  21  1:49  Drone  
  22  2:00  Drone  
  23  2:07  Queen  
  25  2:08  Spine Crawler  
  25  2:13  Zergling x2  
  25  2:21  Drone x2  
  28  2:24  Metabolic Boost  
  28  2:31  Drone  
  28  2:32  Drone  
  30  2:40  Drone x3  
  30  2:42  Overlord  
  33  2:48  Baneling Nest  
  32  2:55  Zergling x4  
  32  2:57  Zergling x2  
  35  3:05  Zergling x2  
  36  3:08  Zergling x2  
  36  3:11  Zergling x6  
  40  3:16  Overlord  
  40  3:17  Zergling x2  
  41  3:20  Zergling x2  
  41  3:22  Zergling x2  
  41  3:25  Zergling x2  
  44  3:33  Baneling x3  
  44  3:36  Zergling x4  
  44  3:39  Zergling x4  
  47  3:44  Zergling x6  
  50  3:51  Overlord  
  51  3:55  Zergling x2  
  51  3:58  Overlord  
  50  4:07  Zergling x4  
  51  4:10  Zergling x4  
  51  4:12  Zergling x2  
  51  4:13  Zergling x2  
  51  4:14  Zergling x4  
  55  4:18  Zergling x2  
  55  4:24  Zergling x2  
Tags
 
Add a new tag
Caveats
  • Supply blocks, unpowered buildings, or Contaminate may cause inaccurate times.
  • Supply counts are checked every 10 seconds.